Map: New Repugnancy LE

Players

Mamba - Winner!

  • Race: Zerg Zerg
  • Spawn Location: 1:00

Gremory

  • Race: Zerg Zerg
  • Spawn Location: 7:00

Event: IEM Season 13: Katowice (2019)

VOD

Have the link to the VOD?

Description

Time

  • Played on: Feb. 26, 2019, 9:45 a.m.
  • Length: 4:46

All games in this series

Show
View Real Time Build Order
Export as new Build Order

Mamba Zerg - Winner!

Build Orders: Hatch First 

Get SALT Encoding   

  12  0:01  Drone  
  13  0:12  Overlord  
  13  0:17  Drone  
  14  0:31  Drone x2  
  16  0:48  Hatchery  
  15  0:52  Drone  
  15  0:55  Drone  
  17  0:59  Drone  
  18  1:11  Extractor  
  18  1:15  Spawning Pool  
  18  1:18  Drone  
  17  1:21  Drone  
  18  1:29  Drone  
  19  1:39  Drone  
  20  1:50  Drone  
  21  2:01  Queen x2  
  21  2:02  Overlord  
  21  2:04  Drone  
  26  2:13  Drone x2  
  26  2:14  Metabolic Boost  
  28  2:24  Drone x2  
  30  2:35  Overlord  
  30  2:37  Queen, Drone  
  33  2:48  Evolution Chamber, Drone x2  
  34  2:54  Zergling x4  
  36  3:09  Zergling x16  
  44  3:18  Overlord  
  44  3:30  Overlord  
  44  3:38  Zergling x4  
  44  3:41  Drone x2  
  48  3:42  Extractor  
  48  3:44  Zergling x2  
  48  3:51  Zergling x8  
  49  4:01  Zergling x2  
  49  4:05  Zergling x2  
  49  4:09  Zergling x6  
  53  4:13  Drone  
  52  4:18  Zergling x2  
  52  4:19  Roach Warren  
  49  4:26  Drone x2  
  49  4:30  Drone x2  
  57  4:41  Extractor  
Show
View Real Time Build Order
Export as new Build Order

Gremory Zerg 

Build Orders: Hatch First 

Get SALT Encoding   

  12  0:01  Drone  
  13  0:13  Overlord  
  13  0:18  Drone  
  14  0:31  Drone x2  
  16  0:48  Hatchery  
  15  0:52  Drone  
  15  0:55  Drone  
  17  0:58  Drone  
  18  1:09  Extractor  
  17  1:13  Spawning Pool  
  17  1:17  Drone  
  17  1:20  Drone  
  18  1:28  Drone  
  19  1:45  Drone  
  20  1:50  Drone  
  21  2:00  Queen x2  
  25  2:03  Overlord  
  25  2:05  Drone  
  26  2:12  Drone x2  
  28  2:18  Metabolic Boost  
  28  2:23  Drone x2  
  30  2:37  Hatchery  
  29  2:39  Zergling x2  
  29  2:41  Zergling x2  
  31  2:48  Drone  
  31  2:49  Drone  
  33  2:57  Overlord  
  33  2:58  Drone  
  34  3:01  Roach Warren  
  34  3:05  Drone x2  
  36  3:13  Roach Warren  
  36  3:16  Drone  
  35  3:28  Drone  
  35  3:31  Baneling Nest  
  35  3:33  Extractor  
  34  3:35  Zergling x2  
  34  3:36  Zergling x2  
  34  3:37  Overlord  
  36  3:44  Overlord  
  36  3:50  Zergling x12  
  36  3:54  Zergling x2  
  39  3:57  Queen  
  39  3:58  Zergling x4  
  39  4:02  Zergling x2  
  34  4:10  Zergling x4  
  34  4:16  Zergling x4  
  35  4:21  Zergling x2  
  35  4:22  Zergling x2  
  33  4:25  Zergling x2  

Tags
 
Add a new tag
Caveats
  • Supply blocks, unpowered buildings, or Contaminate may cause inaccurate times.
  • Supply counts are checked every 10 seconds.